 Dungeon Crawl Stone Soup version 0.31.0-11-ge490571c62 (webtiles) character file.

Game seed: 1238037072060715389

1473 hawla the Twirler (level 8, -1/58 (64) HPs)
             Began as a Deep Elf Fire Elementalist on Jan 31, 2024.
             Was a Follower of Vehumet.
             Slain by a wight
             ... wielding a +4 halberd
              (8 damage)
             ... on level 7 of the Dungeon.
             The game lasted 00:14:20 (6163 turns).

hawla the Twirler (Deep Elf Fire Elementalist)      Turns: 6163, Time: 00:14:20

HP:   -1/58 (64)    AC: 28    Str:  4    XL:     8   Next: 49%
MP:   15/17         EV:  2    Int: 33    God:    Vehumet [*.....]
Gold: 239           SH:  0    Dex: 14    Spells: 10/17 levels left

rFire   . . .        z - +4 trident (venom)
rCold   . . .        (no shield)
rNeg    . . .        a - melded +0 robe
rPois   +            (helmet currently unavailable)
rElec   .            e - melded +0 cloak
rCorr   .            v - melded +0 pair of gloves
SInv    .            (boots currently unavailable)
Will    .....        h - amulet of regeneration
Stlth   +++          d - ring "Edounitt" {Wiz Will- Int+6}
HPRegen 1.09/turn    g - +4 ring of protection
MPRegen 0.15/turn

%: wizardry (x1)
@: brilliant, tree-form, drained
A: stationary, stasis, torment immunity, boosted hp, (beak), clever 1, (cold
resistance 1)
a: Renounce Religion


You were on level 7 of the Dungeon.
You worshipped Vehumet.
Vehumet was aware of your devotion.
You were a tree.
You visited 1 branch of the dungeon, and saw 7 of its levels.
You also visited: Sewer.

You collected 239 gold pieces.

Inventory:

Hand Weapons
 i - a +0 quarterstaff
 z - a +4 trident of venom (weapon)
Armour
 a - a +0 robe (melded)
 e - a +0 cloak (melded)
 v - a +0 pair of gloves (melded)
 y - a +0 helmet of intelligence
Jewellery
 d - the ring "Edounitt" (left branch) {Wiz Will- Int+6}
   (You acquired it on level 2 of the Dungeon)

   [ring of wizardry]

   Wiz:       It improves your spell success rate.
   Int+6:     It affects your intelligence (+6).
   Will-:     It decreases your willpower.
 g - a +4 ring of protection (right branch)
 h - an amulet of regeneration (around neck)
Wands
 q - a wand of charming (14)
Scrolls
 k - a scroll of fear
 l - 2 scrolls of fog
 n - a scroll of torment
 u - 3 scrolls of teleportation
 x - a scroll of vulnerability
Potions
 b - a potion of magic
 c - 4 potions of cancellation
 j - a potion of ambrosia
 m - 2 potions of haste
 o - 2 potions of resistance {unknown}
 p - a potion of lignification
 r - a potion of enlightenment {unknown}
 s - a potion of curing {unknown}
 t - 2 potions of might


   Skills:
 - Level 1.0 Fighting
 - Level 6.0 Staves
 - Level 5.0 Dodging
 - Level 4.0 Stealth
 - Level 5.0 Spellcasting
 - Level 5.0 Conjurations
 + Level 4.3 Fire Magic
 - Level 4.0 Evocations


You had 10 spell levels left.
You knew the following spells:

 Your Spells              Type           Power      Damage    Failure   Level
a - Foxfire               Conj/Fire      100%       2x1d9     1%          1
b - Scorch                Fire           100%       2d9       1%          2
c - Flame Wave            Conj/Fire      55%        2d13      2%          4

Your spell library contained the following spells:

 Spells                   Type           Power      Damage    Failure   Level
 Shock                    Conj/Air       100%       1d9       1%          1
 Inner Flame              Hex/Fire       33%        N/A       2%          3
 Volatile Blastmotes      Fire/Tloc      66%        2d15      2%          3


Dungeon Overview and Level Annotations

Branches:
Dungeon (7/15)              Sewer (visited)
 Temple: D:4-7

Altars:
Fedhas
Makhleb
Okawaru
Uskayaw
Vehumet
Zin
The Shining One

Shops:
D:2 (


Innate Abilities, Weirdness & Mutations

You are a tree.
Your roots penetrate the ground, keeping you stationary.
You cannot be teleported.
You are immune to unholy pain and torment.
Your maximum health is greatly increased.
Your equipment is partially melded.
((You have a beak for a mouth.))
Your mind is acute. (Int +4, Str/Dex -1)
((Your flesh is cold resistant. (rC+)))


Message History

The orc barely misses you. The gnoll hits you but does no damage.
You attack the rock wall.
The wight hits you with a +3 dagger.
You feel drained. The wight barely misses you.
The orc hits you but does no damage. The gnoll hits you but does no damage.
You attack the rock wall.
The orc hits you but does no damage. The gnoll hits you but does no damage.
The wight hits you but does no damage. x2
The orc hits you but does no damage. The gnoll hits you but does no damage.
The wight barely misses you. x2
You swing at nothing.
You feel less confused. The wight hits you with a +3 dagger!
You feel drained.
The wight hits you from afar with a +4 halberd!
* * * LOW HITPOINT WARNING * * *
The orc hits you but does no damage. The gnoll barely misses you.
Unknown command.
You hit the orc.
The orc is poisoned.
The orc is severely wounded.
You kill the orc!
Vehumet accepts your kill.
The wight hits you but does no damage. x2
The gnoll hits you from afar with a +0 spear.
* * * LOW HITPOINT WARNING * * *
Casting: Foxfire (safe; 1% risk of failure)
Confirm with . or Enter, or press ? or * to list all spells.
Casting: Flame Wave (dangerous; 2% risk of failure)
Press: ? - help, Dir - look around, f - activate You feel a surge of power!
A wave of flame ripples out!
The flame wave engulfs the wight!
The wight is almost destroyed.
The flame wave engulfs the wight!
The wight is almost destroyed. (Press . to intensify the flame waves.)
The wight hits you with a +1 scimitar of freezing.
* * * LOW HITPOINT WARNING * * *
The wight freezes you.
* * * LOW HITPOINT WARNING * * *
The wight hits you with a +3 dagger.
* * * LOW HITPOINT WARNING * * *
The wight hits you from afar with a +4 halberd!
You die...

........####
...........######
................## ###
................>##..#
.....<.....>.....#...#
..............#......#
......#####......$.$####
#.....# ##...z))z.....
#....# ##...♣zg$.... ..
#..###z..... #.## .....
..## .... ... ... ###.
.. #. .


You could see 4 wights and a gnoll.

Vanquished Creatures
  An ice beast (D:6)
  An orc warrior (D:6)
  An ogre (D:5)
  A kobold brigand (D:6)
  2 brain worms (Sewer)
  3 scorpions
  2 howler monkeys (D:5)
  3 hounds
  A gnoll bouda (D:6)
  3 orc priests
  3 iguanas
  8 orc wizards
  6 gnolls
  6 adders
  4 river rats
  A white imp (D:6)
  A dart slug (D:1)
  A ribbon worm (D:4)
  23 orcs
  12 ball pythons
  3 bats
  6 endoplasms
  3 giant cockroaches
  6 goblins
  4 hobgoblins
  5 jackals
  10 kobolds
  3 quokkas
  10 frilled lizards
  12 rats
145 creatures vanquished.

Vanquished Creatures (others)
  218 foxfires
218 creatures vanquished.

Grand Total: 363 creatures vanquished

Notes
Turn   | Place    | Note
-------+----------+-------------------------------------------
     0 | D:1      | hawla the Deep Elf Fire Elementalist began the quest for
                  | the Orb.
     0 | D:1      | Reached XP level 1. HP: 10/10 MP: 6/6
   235 | D:1      | Reached XP level 2. HP: 15/15 MP: 5/8
   238 | D:1      | Learned a level 2 spell: Scorch
  1135 | D:1      | Reached XP level 3. HP: 19/19 MP: 6/9
  1373 | D:2      | Identified a scroll of acquirement
  1373 | D:2      | Acquired the ring "Edounitt" {Wiz Will- Int+6}
  1572 | D:2      | Reached XP level 4. HP: 24/24 MP: 2/10
  1580 | D:2      | Learned a level 4 spell: Flame Wave
  1677 | D:2      | Found Araffoirr's Weapon Boutique.
  2184 | D:3      | Noticed a great orb of eyes
  2185 | D:3      | Found a faded altar of an unknown god.
  2190 | D:3      | Noticed a glass eye
  2194 | D:3      | Noticed a shining eye
  2291 | D:3      | Identified the +3 leather armour of Tenacity {Harm Int-2
                  | Dex-4 SInv}
  2442 | D:3      | Reached skill level 5 in Conjurations
  2442 | D:3      | Reached skill level 1 in Evocations
  2455 | D:3      | Found a glowing drain.
  2456 | D:3      | Reached XP level 5. HP: 19/28 MP: 0/11
  2464 | Sewer    | Entered a sewer
  2961 | Sewer    | Reached XP level 6. HP: 28/32 MP: 2/12
  3430 | D:3      | Found a blossoming altar of Fedhas.
  3492 | D:3      | Found a hide-covered altar of Uskayaw.
  3745 | D:3      | Noticed a shining eye
  4038 | D:4      | Found a glowing golden altar of the Shining One.
  4325 | D:4      | Reached skill level 5 in Dodging
  4597 | D:4      | Reached XP level 7. HP: 36/36 MP: 10/13
  4809 | D:5      | Entered Level 5 of the Dungeon
  4809 | D:5      | Found a radiant altar of Vehumet.
  4820 | D:5      | Became a worshipper of Vehumet
  4874 | D:5      | Reached skill level 5 in Spellcasting
  4881 | D:5      | Reached skill level 1 in Fighting
  4884 | D:5      | Gained mutation: You have a beak for a mouth. [potion of
                  | mutation]
  4884 | D:5      | Gained mutation: Your mind is acute. (Int +4, Str/Dex -1)
                  | [potion of mutation]
  4884 | D:5      | Gained mutation: Your flesh is cold resistant. (rC+)
                  | [potion of mutation]
  4892 | D:5      | Reached skill level 2 in Staves
  5091 | D:5      | Reached skill level 3 in Staves
  5227 | D:5      | Found an iron altar of Okawaru.
  5386 | D:5      | Reached skill level 4 in Staves
  5458 | D:6      | Reached XP level 8. HP: 35/43 MP: 14/17
  5585 | D:6      | Reached skill level 5 in Staves
  5858 | D:6      | Reached * piety under Vehumet
  5858 | D:6      | Offered knowledge of Shock by Vehumet.
  5936 | D:6      | Reached skill level 6 in Staves
  6056 | D:6      | Found a burning altar of Makhleb.
  6059 | D:6      | Noticed an Executioner
  6061 | D:6      | Found a glowing silver altar of Zin.
  6062 | D:6      | Noticed an angel
  6163 | D:7      | Slain by a wight

Illustrated notes

Levels and vault maps discovered:
D:1:      nzn_arrival_water_spiral, layout_basic, minmay_misc_feat_square
D:2:      layout_rooms, serial_shops, nicolae_shop_bloodbath_and_beyond
D:3:      layout_basic, fedhas_altar_fruit_tree, nicolae_uskayaw_dance_hall,
          hellmonk_ecumenical_altar_watching_god, portal_sewer_entry_b
D:4:      layout_loops_ring, tso_altar, minmay_stone_trees_large
D:5:      layout_loops_cross, mainiacjoe_overflow_boulevard,
          okawaru_metal_pillars_1_2, nrook_loot_triangle
D:6:      layout_cave_pools, grunt_temple_overflow_order_and_chaos_2,
          dreamdust_princess_bridge
D:7:      layout_layer_cave, lemuel_temple_firewalk_a, uniq_menkaure

Skill      XL: |  1  2  3  4  5  6  7  8 |
---------------+-------------------------+-----
Conjurations   | 2 3 4 5 |  5.0
Evocations     | 1 4 |  4.0
Dodging        | 3 5 |  5.0
Fire Magic     | 4 |  4.3
Spellcasting   | 5 |  5.0
Fighting       | 1 |  1.0
Staves         | 4 6 |  6.0
Stealth        | 4 |  4.0

Action                     |  1- 3 |  4- 6 |  7- 9 || total
---------------------------+-------+-------+-------++-------
  Melee: Unarmed           |     3 |    15 |     2 ||    20
         Trident           |       |       |    95 ||    95
         Peck              |       |       |    10 ||    10
   Cast: Foxfire           |    39 |    71 |    14 ||   124
         Scorch            |    14 |    31 |    11 ||    56
         Flame Wave        |       |       |     4 ||     4
    Use: Scroll            |     4 |     8 |     6 ||    18
         Potion            |       |       |     8 ||     8
 Armour: Robe              |     4 |    26 |    81 ||   111
         Skin              |       |       |   113 ||   113
  Dodge: Dodged            |     4 |    31 |   103 ||   138
